General information
- name: BNet
- type: Ladder 1vs1/FFA
- host: Battle.net
- saver: Nooblex
map: GoldRush
- players: 4
- length: 65:39
- speed: Fast
- version: 1.18 W3XP
- replay type: Public
» download(337 KB)
Players
team 1 (loser)
Player 1 (
blue | 159 APM | 5599 actions | 35:09)
5 Archmage
3 Summon Water Elemental
2 Brilliance Aura
5 Mountain King
3 Storm Bolt
2 Thunder Clap
4 Paladin
2 Holy Light
2 Divine Shield
» actions
| Assign group hotkey | 64 | |
| Basic commands | 635 | |
| Build / train | 218 | |
| ESC pressed | 33 | |
| Enter build submenu | 64 | |
| Enter hero's abilities submenu | 16 | |
| Give item / drop item | 7 | |
| Remove unit from queue | 1 | |
| Right click | 1438 | |
| Select / deselect | 1627 | |
| Select group hotkey | 1243 | |
| Use ability | 251 | |
5599 total
» units
| Peasant | 52 | |
| Footman | 5 | |
| Rifleman | 5 | |
| Spell Breaker | 12 | |
| Gryphon Rider | 10 | |
| Mortar Team | 5 | |
| Priest | 5 | |
94 total
» upgrades
| Masonry | 3 | |
| Lumber Harvesting | 1 | |
| Long Rifles | 1 | |
| Gunpowder | 2 | |
| Priest Training | 2 | |
| Swords | 4 | |
| Plating | 4 | |
| Armor | 3 | |
| Magic Sentry | 1 | |
| Storm Hammers | 1 | |
| Fragmentation Shards | 1 | |
| Control Magic | 1 | |
| Animal War Training | 1 | |
| Barrage | 1 | |
| Flare | 1 | |
27 total
» buildings
| Barracks | 1 | |
| Farm | 14 | |
| Lumber Mill | 4 | |
| Altar of Kings | 1 | |
| Scout Tower | 20 | |
| Arcane Tower | 4 | |
| Arcane Vault | 3 | |
| Town Hall | 4 | |
| Guard Tower | 14 | |
| Keep | 1 | |
| Blacksmith | 2 | |
| Arcane Sanctum | 2 | |
| Workshop | 1 | |
| Castle | 3 | |
| Gryphon Aviary | 4 | |
| Cannon Tower | 2 | |
80 total
» build order
00:20 Barracks
00:22 Farm
00:25 Farm
00:56 Lumber Mill
01:03 Farm
01:19 Altar of Kings
01:40 Scout Tower
02:09 Arcane Tower
02:10 Farm
02:50 Farm
03:19 Scout Tower
03:41 Arcane Vault
04:23 Town Hall
04:28 Scout Tower
04:30 Scout Tower
04:41 Guard Tower
05:01 Arcane Tower
05:01 Guard Tower
05:21 Scout Tower
05:25 Scout Tower
05:49 Guard Tower
05:51 Guard Tower
06:11 Keep
06:42 Scout Tower
06:45 Town Hall
06:47 Scout Tower
06:49 Scout Tower
06:55 Farm
07:01 Blacksmith
07:26 Guard Tower
07:27 Scout Tower
07:56 Guard Tower
08:11 Arcane Tower
08:39 Lumber Mill
09:54 Arcane Sanctum
09:59 Farm
10:51 Workshop
10:52 Scout Tower
11:19 Guard Tower
11:48 Castle
11:48 Castle
11:52 Scout Tower
12:20 Guard Tower
12:25 Lumber Mill
12:26 Farm
12:45 Gryphon Aviary
13:00 Gryphon Aviary
13:02 Gryphon Aviary
13:38 Blacksmith
13:40 Farm
16:40 Town Hall
17:32 Farm
20:41 Arcane Vault
23:26 Gryphon Aviary
23:57 Farm
24:02 Town Hall
25:12 Scout Tower
25:13 Scout Tower
25:17 Scout Tower
25:20 Scout Tower
25:39 Guard Tower
25:40 Guard Tower
25:49 Guard Tower
26:05 Lumber Mill
26:12 Cannon Tower
26:33 Scout Tower
26:36 Scout Tower
27:02 Cannon Tower
27:07 Guard Tower
27:08 Guard Tower
27:45 Scout Tower
27:45 Scout Tower
27:49 Arcane Vault
28:14 Arcane Tower
29:48 Farm
29:50 Farm
29:51 Farm
33:10 Arcane Sanctum
» items
| Scroll of Regeneration | 10 | |
| Lesser Clarity Potion | 9 | |
| Periapt of Vitality | 2 | |
| Potion of Healing | 5 | |
| Potion of Mana | 3 | |
| Orb of Fire | 1 | |
| Scroll of Town Portal | 11 | |
| Staff of Sanctuary | 1 | |
| Potion of Lesser Invulnerability | 1 | |
| Scroll of Healing | 1 | |
| Scroll of Protection | 1 | |
45 total
team 2 (winner)
Nooblex (
red | 75 APM | 4914 actions | 65:39)
9 Pandaren Brewmaster
3 Drunken Haze
3 Breath of Fire
1 Storm Earth and Fire
2 Drunken Brawler
8 Priestess of the Moon
3 Scout
3 Trueshot Aura
1 Starfall
1 Searing Arrows
7 Keeper of the Grove
3 Entangling Roots
3 Thorns Aura
1 Tranquility
» actions
| Assign group hotkey | 49 | |
| Basic commands | 85 | |
| Build / train | 177 | |
| Enter build submenu | 49 | |
| Enter hero's abilities submenu | 25 | |
| Give item / drop item | 11 | |
| Remove unit from queue | 5 | |
| Right click | 1921 | |
| Select / deselect | 1014 | |
| Select group hotkey | 1342 | |
| Use ability | 236 | |
4914 total
» units
| Wisp | 55 | |
| Archer | 7 | |
| Hippogryph | 23 | |
| Chimaera | 5 | |
| Dryad | 1 | |
| Druid of the Claw | 3 | |
| Mountain Giant | 2 | |
96 total
» upgrades
| Strength of the Wild | 3 | |
| Reinforced Hides | 3 | |
| Ultravision | 1 | |
| Well Spring | 1 | |
| Druid of the Claw Training | 2 | |
| Abolish Magic | 1 | |
| Hardened Skin | 1 | |
| Corrosive Breath | 1 | |
| Nature's Blessing | 1 | |
| Resistant Skin | 1 | |
15 total
» buildings
| Ancient of War | 2 | |
| Moon Well | 15 | |
| Altar of Elders | 1 | |
| Tree of Life | 9 | |
| Tree of Ages | 1 | |
| Hunter's Hall | 1 | |
| Ancient of Lore | 1 | |
| Ancient of Wind | 4 | |
| Tree of Eternity | 1 | |
| Ancient Protector | 3 | |
| Chimaera Roost | 3 | |
| Ancient of Wonders | 2 | |
43 total
» build order
00:32 Ancient of War
00:38 Moon Well
01:16 Moon Well
01:22 Altar of Elders
03:22 Tree of Life
04:20 Tree of Ages
04:24 Moon Well
04:47 Moon Well
05:16 Tree of Life
06:08 Moon Well
06:17 Hunter's Hall
06:36 Tree of Life
07:10 Moon Well
08:04 Ancient of Lore
08:07 Ancient of Wind
08:59 Moon Well
09:01 Moon Well
09:19 Tree of Eternity
09:42 Moon Well
10:20 Moon Well
10:42 Ancient Protector
10:45 Ancient Protector
10:56 Moon Well
11:25 Ancient of Wind
11:54 Moon Well
12:01 Ancient Protector
12:27 Chimaera Roost
12:54 Chimaera Roost
13:51 Ancient of Wonders
13:58 Ancient of Wind
16:29 Tree of Life
16:35 Tree of Life
18:55 Moon Well
19:23 Moon Well
19:28 Ancient of War
21:54 Moon Well
22:09 Tree of Life
23:22 Ancient of Wind
31:23 Tree of Life
32:04 Tree of Life
32:08 Tree of Life
36:37 Chimaera Roost
38:57 Ancient of Wonders
» items
| Periapt of Vitality | 4 | |
| Scroll of Protection | 3 | |
| Scroll of Healing | 9 | |
| Boots of Speed | 1 | |
| Scroll of Town Portal | 13 | |
| Staff of Preservation | 1 | |
| Anti-magic Potion | 1 | |
32 total
team 3 (loser)
Player 3 (
pink | 149 APM | 4957 actions | 33:22)
5 Warden
3 Fan of Knives
2 Shadow Strike
4 Pandaren Brewmaster
2 Breath of Fire
2 Drunken Haze
4 Goblin Alchemist
2 Healing Spray
2 Acid Bomb
» actions
| Assign group hotkey | 36 | |
| Basic commands | 165 | |
| Build / train | 180 | |
| ESC pressed | 5 | |
| Enter build submenu | 48 | |
| Enter hero's abilities submenu | 13 | |
| Give item / drop item | 10 | |
| Remove unit from queue | 1 | |
| Right click | 1441 | |
| Select / deselect | 782 | |
| Select group hotkey | 2059 | |
| Use ability | 217 | |
4957 total
» units
| Wisp | 65 | |
| Archer | 5 | |
| Druid of the Talon | 5 | |
| Hippogryph | 15 | |
| Chimaera | 3 | |
| Mountain Giant | 2 | |
| Druid of the Claw | 3 | |
| Dryad | 2 | |
100 total
» upgrades
| Nature's Blessing | 1 | |
| Strength of the Wild | 3 | |
| Reinforced Hides | 4 | |
| Druid of the Talon Training | 2 | |
| Ultravision | 1 | |
| Well Spring | 1 | |
| Mark of the Talon | 1 | |
| Hardened Skin | 1 | |
| Corrosive Breath | 1 | |
| Druid of the Claw Training | 2 | |
| Resistant Skin | 1 | |
| Mark of the Claw | 1 | |
19 total
» buildings
| Moon Well | 16 | |
| Altar of Elders | 2 | |
| Ancient of War | 1 | |
| Tree of Life | 10 | |
| Tree of Ages | 4 | |
| Tree of Eternity | 1 | |
| Ancient of Wind | 6 | |
| Hunter's Hall | 1 | |
| Ancient Protector | 2 | |
| Chimaera Roost | 2 | |
| Ancient of Lore | 2 | |
| Ancient of Wonders | 2 | |
49 total
» build order
00:18 Moon Well
00:33 Altar of Elders
00:47 Ancient of War
01:11 Moon Well
02:50 Tree of Life
03:18 Tree of Ages
03:18 Tree of Ages
03:35 Moon Well
04:08 Moon Well
04:37 Tree of Life
05:58 Tree of Eternity
06:29 Ancient of Wind
06:40 Moon Well
06:42 Moon Well
08:30 Ancient of Wind
08:32 Hunter's Hall
09:43 Ancient Protector
10:18 Chimaera Roost
10:20 Moon Well
11:42 Ancient of Wind
11:44 Ancient of Lore
12:22 Tree of Life
13:11 Ancient of Wonders
15:24 Moon Well
18:20 Moon Well
18:22 Ancient Protector
19:14 Ancient of Wonders
19:47 Moon Well
21:49 Moon Well
23:00 Tree of Life
23:22 Tree of Life
23:33 Moon Well
24:30 Moon Well
24:34 Tree of Life
26:08 Tree of Life
29:33 Ancient of Wind
29:35 Ancient of Wind
29:39 Ancient of Wind
29:52 Ancient of Lore
29:57 Chimaera Roost
30:46 Altar of Elders
30:58 Tree of Life
31:56 Moon Well
31:58 Moon Well
32:04 Tree of Life
32:25 Tree of Life
33:00 Moon Well
» items
| Scroll of Town Portal | 5 | |
| Periapt of Vitality | 5 | |
| Boots of Speed | 2 | |
| Scroll of Healing | 5 | |
| Scroll of Protection | 5 | |
22 total
team 4 (loser)
Player 4 (
teal | 78 APM | 5142 actions | 65:38)
6 Dark Ranger
2 Black Arrow
3 Silence
1 Charm
5 Tauren Chieftain
2 War Stomp
3 Endurance Aura
5 Shadow Hunter
3 Healing Wave
2 Hex
» actions
| Assign group hotkey | 83 | |
| Basic commands | 723 | |
| Build / train | 159 | |
| ESC pressed | 11 | |
| Enter build submenu | 54 | |
| Enter hero's abilities submenu | 16 | |
| Give item / drop item | 13 | |
| Remove unit from queue | 1 | |
| Right click | 1537 | |
| Select / deselect | 1112 | |
| Select group hotkey | 1138 | |
| Use ability | 295 | |
5142 total
» units
| Peon | 29 | |
| Grunt | 3 | |
| Troll Headhunter/Berserker | 15 | |
| Troll Witch Doctor | 10 | |
| Tauren | 6 | |
| Shaman | 12 | |
| Spirit Walker | 8 | |
| Kodo Beast | 2 | |
| Wind Rider | 1 | |
86 total
» upgrades
| Witch Doctor Training | 2 | |
| Berserker Upgrade | 1 | |
| Shaman Training | 2 | |
| Armor | 3 | |
| Troll Regeneration | 1 | |
| Spirit Walker Training | 2 | |
| Pulverize | 1 | |
| Melee Weapons | 3 | |
| Ranged Weapons | 3 | |
| Reinforced Defenses | 1 | |
| War Drums Damage Increase | 2 | |
| Envenomed Spears | 1 | |
22 total
» buildings
| Barracks | 5 | |
| Orc Burrow | 14 | |
| Altar of Storms | 6 | |
| Stronghold | 1 | |
| War Mill | 5 | |
| Voodoo Lounge | 1 | |
| Great Hall | 14 | |
| Spirit Lodge | 4 | |
| Fortress | 1 | |
| Tauren Totem | 1 | |
| Beastiary | 1 | |
53 total
» build order
00:15 Barracks
00:24 Orc Burrow
01:14 Altar of Storms
01:28 Orc Burrow
03:10 Stronghold
03:24 War Mill
03:31 Orc Burrow
03:58 Voodoo Lounge
04:22 Great Hall
06:07 Spirit Lodge
06:49 Great Hall
07:56 Fortress
08:21 Spirit Lodge
08:55 Orc Burrow
09:25 Orc Burrow
10:00 Spirit Lodge
10:23 Tauren Totem
10:43 Barracks
11:19 Orc Burrow
14:15 War Mill
14:54 Orc Burrow
15:14 Orc Burrow
15:41 Orc Burrow
16:56 Great Hall
20:51 Beastiary
26:50 Great Hall
28:31 Great Hall
29:52 Great Hall
31:18 Spirit Lodge
36:26 Great Hall
37:46 Great Hall
45:15 Altar of Storms
45:46 Altar of Storms
46:12 Altar of Storms
46:21 Great Hall
46:26 Orc Burrow
46:51 Orc Burrow
47:21 Barracks
47:45 Barracks
47:48 War Mill
47:54 Orc Burrow
48:13 Great Hall
48:31 Barracks
50:53 Great Hall
53:02 Altar of Storms
53:29 War Mill
54:06 Great Hall
55:16 Orc Burrow
57:51 Altar of Storms
58:17 Orc Burrow
58:44 Great Hall
60:10 Great Hall
63:48 War Mill
» items
| Healing Salve | 1 | |
| Orb of Lightning | 3 | |
| Scroll of Healing | 5 | |
| Scroll of Protection | 3 | |
| Scroll of Town Portal | 8 | |
| Periapt of Vitality | 4 | |
| Lesser Clarity Potion | 2 | |
| Boots of Speed | 2 | |
28 total
Chat log
(00:45 / All) Nooblex: this brings back memories
(00:51 / All) Player 4: ?
(00:55 / All) Nooblex: same map, at least 2 players the same and same races
(20:39 / All) Nooblex: hmm
(33:16 / All) Player 3: gg
(33:18 / All) Nooblex: gg
(36:01 / All) Nooblex: nice
(36:11 / All) Nooblex: you killed sx?
(44:23 / All) Player 4: yep
(44:26 / All) Player 4: so much skil
(44:30 / All) Nooblex: sry ss
(44:35 / All) Player 4: fuck you?
(44:41 / All) Nooblex: =/
(44:53 / All) Player 4: fuckinbg human played expo transfer game all game
(44:59 / All) Nooblex: that was sx
(45:39 / All) Player 4: abuse ftw
(46:10 / All) Nooblex: charm isn't much better
(65:30 / All) Nooblex: gg